 Dungeon Crawl Stone Soup version 0.30-a0-394-g3e4acdb0ae (webtiles) character file.

Game seed: 13142044329154515762

965 p00ps00p the Trooper (level 8, 0/71 HPs)
             Began as a Hill Orc Fighter on Dec 7, 2022.
             Was an Initiate of Gozag.
             Killed from afar by a gargoyle (16 damage)
             ... with a stone arrow
             ... on level 6 of the Dungeon.
             The game lasted 00:06:14 (4077 turns).

p00ps00p the Trooper (Hill Orc Fighter)             Turns: 4077, Time: 00:06:15

Health: 0/71       AC: 11    Str: 21    XL:     8   Next: 15%
Magic:  8/8        EV:  7    Int:  8    God:    Gozag
Gold:   480        SH:  6    Dex: 10    Spells: 7/7 levels left

rFire   . . .      SeeInvis .    h - +0 broad axe
rCold   . . .      Faith    .    c - +1 buckler
rNeg    . . .      Spirit   .    f - +0 chain mail
rPois   .          Reflect  .    (no helmet)
rElec   .          Harm     .    l - +0 cloak
rCorr   .          Rampage  .    (no gloves)
Will    .....                    (no boots)
Stlth   ..........               d - amulet of the acrobat
HPRegen 0.31/turn                n - ring of flight
MPRegen 0.11/turn                (no ring)

@: flying, hasted (expiring), very quick
A: no striking features
a: Renounce Religion, Potion Petition, Call Merchant, Bribe Branch


You were on level 6 of the Dungeon.
You worshipped Gozag.
Gozag was aware of your devotion.
You visited 2 branches of the dungeon, and saw 7 of its levels.

You collected 538 gold pieces.
You paid 58 gold pieces to Gozag.

Inventory:

Hand Weapons
 a - a +0 war axe
 h - a +0 broad axe (weapon)
Missiles
 g - 2 throwing nets
 r - 14 poisoned darts (quivered)
Armour
 c - a +1 buckler (worn)
 f - a +0 chain mail (worn)
 l - a +0 cloak (worn)
Jewellery
 d - an amulet of the acrobat (around neck)
 m - a +4 ring of evasion
 n - a ring of flight (left hand)
Scrolls
 b - 2 scrolls of identify
 i - a scroll of teleportation
Potions
 e - a potion of haste
 j - a potion of ambrosia {unknown}
 k - 3 potions of flight


   Skills:
 + Level 6.5 Fighting
 + Level 6.5 Axes
 + Level 6.0 Armour
 + Level 5.9 Shields


You had 7 spell levels left.
You didn't know any spells.
Your spell library contained the following spells:

 Spells                   Type           Power      Damage    Failure   Level
 Ensorcelled Hibernation  Hex/Ice        0%         N/A       100%        2
 Passwall                 Tmut/Erth      0%         N/A       100%        2
 Static Discharge         Conj/Air       0%         2-2/arc   100%        2
 Swiftness                Air            0%         N/A       100%        3
 Vhi's Electric Charge    Tloc/Air       0%         N/A       100%        3
 Arcjolt                  Conj/Air       0%         1d10      100%        5
 Lightning Bolt           Conj/Air       0%         1d11      100%        5


Dungeon Overview and Level Annotations

Branches:
Dungeon (6/15)             Temple (1/1) D:4

Altars:
Ashenzari
Dithmenos
Fedhas
Gozag
Kikubaaqudgha
Nemelex Xobeh
Qazlal
Ru
Sif Muna
Trog
Uskayaw
Xom
Yredelemnul
Zin

Shops:
D:6 (


Message History

You have reached level 8!
You now have 476 gold pieces (gained 7).
You now have 480 gold pieces (gained 4).
A gargoyle comes into view. It is wielding a +0 flail.
An adder comes into view.
Found a stone staircase leading up.
Found a scroll of enchant armour.
The gargoyle hurls a stone arrow at you.
The stone arrow misses you. The adder misses you.
Found a book of Party Tricks.
Found Mosivuas's Antique Weapon Boutique.
Found a stone staircase leading up.
The gargoyle hurls a stone arrow at you.
The stone arrow hits you.
You hit the gargoyle but do no damage. You hit the adder.
The adder completely misses you.
The gargoyle hurls a stone arrow at you.
The stone arrow hits you! The adder bites you but does no damage.
You hit the gargoyle but do no damage. You miss the adder.
The adder barely misses you.
The gargoyle hurls a stone arrow at you.
The stone arrow hits you!
You hit the gargoyle but do no damage. You miss the adder.
The adder closely misses you. You block the gargoyle's attack.
You hit the gargoyle.
The gargoyle is lightly damaged.
You closely miss the adder. You block the adder's attack.
You hit the gargoyle but do no damage.
The gargoyle is lightly damaged.
You hit the adder.
Your extra speed is starting to run out.
The adder barely misses you. The gargoyle hits you with a +0 flail!
* * * LOW HITPOINT WARNING * * *
You slash the gargoyle!
The gargoyle is moderately damaged.
You barely miss the adder. The adder bites you but does no damage.
The gargoyle hurls a stone arrow at you.
The stone arrow hits you!
You die...
Your body crumbles into a pile of gold.

.# ####.###
#######......#
#<....#......#
#..^..#......##
#..............
#.......#....##
#.......#......
######S@9....#
#:.........#
#.....#.##.#
.<......#..8 .
###.....# ...
#.?...# .<.8#
###.... ..##
##### ∩.#


You could see a gargoyle and an adder.

Vanquished Creatures
  Menkaure (D:6)
  2 black bears
  A gnoll sergeant (D:5)
  A necrophage (D:4)
  2 scorpions (D:4)
  2 hounds
  A gnoll bouda (D:5)
  Jessica (D:3)
  3 iguanas (D:5)
  12 gnolls (D:5)
  3 adders
  A white imp (D:5)
  A worm (D:3)
  4 dart slugs
  7 orcs
  6 ball pythons
  A bat (D:1)
  3 endoplasms
  6 giant cockroaches
  5 goblins
  3 hobgoblins
  6 jackals
  8 kobolds
  5 frilled lizards
  5 rats
90 creatures vanquished.

Vanquished Creatures (others)
  7 fungi (D:3)
7 creatures vanquished.

Grand Total: 97 creatures vanquished

Notes
Turn   | Place    | Note
-------+----------+-------------------------------------------
     0 | D:1      | p00ps00p the Hill Orc Fighter began the quest for the Orb.
     0 | D:1      | Reached XP level 1. HP: 19/19 MP: 1/1
    53 | D:1      | HP: 1/20 [goblin/+4 dagger (5)]
   158 | D:1      | Reached XP level 2. HP: 15/27 MP: 2/2
   458 | D:1      | Reached XP level 3. HP: 31/33 MP: 3/3
   835 | D:2      | Found a faded altar of an unknown god.
  1326 | D:3      | Reached XP level 4. HP: 37/40 MP: 4/4
  1390 | D:3      | Found a blossoming altar of Fedhas.
  1539 | D:3      | Found a hide-covered altar of Uskayaw.
  1642 | D:3      | Noticed Jessica
  1648 | D:3      | Killed Jessica
  1762 | D:4      | Found a sparkling altar of Nemelex Xobeh.
  1838 | D:4      | Noticed a scorpion
  1844 | D:4      | Killed a scorpion
  1845 | D:4      | Reached XP level 5. HP: 41/47 MP: 5/5
  2057 | D:4      | Noticed a black bear
  2063 | D:4      | Killed a black bear
  2064 | D:4      | Reached skill level 5 in Fighting
  2064 | D:4      | Reached XP level 6. HP: 55/56 MP: 6/6
  2069 | D:4      | Reached skill level 5 in Axes
  2133 | D:4      | Found a staircase to the Ecumenical Temple.
  2241 | Temple   | Entered the Ecumenical Temple
  2418 | Temple   | Became a worshipper of Gozag Ym Sagoz the Greedy
  2776 | D:5      | Entered Level 5 of the Dungeon
  2823 | D:5      | Reached skill level 5 in Armour
  2823 | D:5      | Reached skill level 5 in Shields
  2871 | D:5      | Noticed a black bear
  2881 | D:5      | Killed a black bear
  2882 | D:5      | Reached XP level 7. HP: 26/62 MP: 7/7
  3318 | D:5      | HP: 1/62 [gnoll/+4 spear[a gnoll sergeant] (4)]
  4044 | D:6      | Noticed Menkaure
  4056 | D:6      | Killed Menkaure
  4057 | D:6      | Reached XP level 8. HP: 47/71 MP: 8/8
  4065 | D:6      | Noticed a gargoyle
  4071 | D:6      | Found Mosivuas's Antique Weapon Boutique.
  4077 | D:6      | Killed from afar by a gargoyle

Illustrated notes

Levels and vault maps discovered:
D:1:      eino_arrival_cavern_b, layout_rooms
D:2:      layout_loops_ring, hellmonk_ecumenical_altar_lost_god
D:3:      layout_rooms, mainiacjoe_overflow_cross_hatched, lemuel_tele_altar,
          uniq_jessica
D:4:      layout_basic, nemelex_xobeh_ov_fountains_minmay,
          minmay_temple_entry_fiery, minmay_misc_feat_rows
D:5:      layout_basic
D:6:      layout_loops_cross, serial_shops, shop, nicolae_stop_n_shop_2,
          uniq_menkaure, uniq_edmund
Temple:   bh_familiar_temple

Skill      XL: |  1  2  3  4  5  6  7 |
---------------+----------------------+-----
Axes           | 3 4 5 6 |  6.5
Fighting       | 4 5 6 |  6.5
Armour         | 4 5 6 |  6.0
Shields        | 4 5 |  5.9

Action                   |  1- 3 |  4- 6 |  7- 9 || total
-------------------------+-------+-------+-------++-------
Melee: War axe           |    97 |    12 |       ||   109
       Broad axe         |       |    61 |    83 ||   144
  Use: Scroll            |     7 |       |       ||     7
       Potion            |     6 |     1 |     3 ||    10
Armor: Scale mail        |    29 |     1 |       ||    30
       Chain mail        |       |    46 |    45 ||    91
Dodge: Dodged            |    47 |    50 |    45 ||   142
Block: Buckler           |    17 |    35 |    35 ||    87

Table legend: (Time is in decaauts)
 A = Elapsed time spent in this place.
 B = Non-inter-level travel time spent in this place.
 C = Inter-level travel time spent in this place.
 D = Time resting spent in this place.
 E = Time spent auto-exploring this place.
 F = Levels seen in this place.
 G = Mean time per level.
                   A        B        C        D        E       F      G
               +--------+--------+--------+--------+--------+-----+--------+
         Total |   4119 |   3893 |    226 |    523 |   2596 |   7 |  588.4 |
       Dungeon |   3917 |   3735 |    182 |    523 |   2447 |   6 |  652.8 |
        Temple |    202 |    159 |     43 |      0 |    149 |   1 |  202.0 |
               +--------+--------+--------+--------+--------+-----+--------+

Top non-repeatable levels by time:
     D:5: 1276 daAuts
     D:4: 841 daAuts
     D:2: 715 daAuts
     D:1: 595 daAuts
     D:3: 462 daAuts
  Temple: 202 daAuts
     D:6: 25 daAuts
